Map: Bridgehead LE (Void)

Players

MoonLjth - Winner!

  • Race: Protoss Protoss
  • League: Platinum

iQuitBYE - Winner!

  • Race: Protoss Protoss
  • League: Grandmaster

Polybius

  • Race: Terran Terran
  • League: Silver

ThanksObama

  • Race: Terran Terran
  • League: Grandmaster

VOD

Have the link to the VOD?

Description

Time

  • Played on: Oct. 2, 2015, 6:22 p.m.
  • Length: 12:50
Show
View Real Time Build Order
Export as new Build Order

MoonLjth Protoss - Winner!

Build Orders: 1 Gate Expand, Blink Stalkers 

Get SALT Encoding   

  12  0:02  Probe (Chrono Boost)  
  13  0:14  Pylon  
  13  0:18  Probe (Chrono Boost)  
  14  0:29  Probe (Chrono Boost)  
  15  0:35  Gateway  
  15  0:39  Probe (Chrono Boost)  
  16  0:45  Assimilator  
  17  0:50  Probe (Chrono Boost)  
  17  1:01  Probe (Chrono Boost)  
  18  1:11  Probe (Chrono Boost)  
  19  1:27  Nexus  
  19  1:38  Cybernetics Core  
  19  1:46  Probe (Chrono Boost), Assimilator  
  20  1:57  Pylon  
  20  1:59  Probe (Chrono Boost)  
  21  2:13  Probe (Chrono Boost)  
  22  2:18  Stalker (Chrono Boost)  
  22  2:19  Warp Gate  
  24  2:25  Twilight Council  
  24  2:29  Probe  
  23  2:39  Probe  
  23  2:42  Mothership Core  
  24  2:50  Probe  
  23  2:54  Stalker (Chrono Boost)  
  26  3:02  Probe (Chrono Boost)  
  27  3:07  Probe (Chrono Boost)  
  28  3:13  Probe (Chrono Boost)  
  28  3:17  Probe (Chrono Boost)  
  30  3:20  Blink  
  30  3:24  Probe (Chrono Boost)  
  31  3:29  Probe (Chrono Boost)  
  32  3:34  Probe (Chrono Boost)  
  32  3:40  Probe (Chrono Boost)  
  34  3:45  Probe (Chrono Boost)  
  35  3:50  Probe (Chrono Boost), Robotics Facility  
  36  3:56  Probe (Chrono Boost)  
  36  4:01  Probe (Chrono Boost)  
  38  4:06  Probe (Chrono Boost)  
  38  4:09  Gateway  
  39  4:12  Probe (Chrono Boost)  
  39  4:17  Probe (Chrono Boost)  
  39  4:22  Probe (Chrono Boost)  
  40  4:26  Gateway  
  40  4:27  Probe (Chrono Boost)  
  41  4:33  Probe (Chrono Boost)  
  41  4:38  Probe (Chrono Boost), Assimilator  
  41  4:41  Assimilator  
  41  4:42  Warp Prism (Chrono Boost)  
  41  4:43  Pylon  
  41  4:45  Probe (Chrono Boost)  
  44  4:48  Probe (Chrono Boost)  
  45  4:55  Probe (Chrono Boost)  
  45  4:59  Pylon  
  46  5:01  Probe (Chrono Boost)  
  46  5:05  Probe (Chrono Boost)  
  48  5:09  Stalker x2  
  52  5:15  Probe, Observer (Chrono Boost)  
  52  5:17  Probe  
  52  5:20  Pylon  
  55  5:22  Resonating Glaives (Chrono Boost)  
  55  5:25  Stalker  
  55  5:27  Probe  
  58  5:30  Probe  
  58  5:33  Observer  
  60  5:40  Stalker x2  
  64  5:45  Probe  
  64  5:47  Probe  
  66  5:54  Pylon  
  66  5:56  Adept, Pylon  
  68  5:57  Probe  
  69  6:13  Adept x2  
  72  6:20  Stalker  
  72  6:22  Observer  
  67  6:36  Stalker x2  
  67  6:38  Probe  
  67  6:39  Probe  
  70  6:50  Adept  
  70  6:53  Probe  
  73  6:56  Probe  
  73  6:59  Nexus  
  74  7:01  Pylon  
  74  7:05  Probe  
  73  7:08  Probe  
  73  7:12  Nexus  
  73  7:14  Pylon  
  68  7:17  Probe  
  68  7:18  Stalker  
  68  7:19  Stalker x2  
  68  7:20  Probe  
  76  7:29  Probe  
  73  7:30  Forge  
  73  7:32  Probe, Forge  
  74  7:41  Immortal, Probe  
  75  7:45  Templar Archives, Probe  
  80  7:53  Probe  
  80  7:57  Probe, Adept  
  82  8:13  Probe  
  82  8:14  Probe x2  
  81  8:27  Probe  
  81  8:28  Probe  
  81  8:29  Probe  
  81  8:30  Probe  
  81  8:31  Photon Cannon  
  83  8:34  Stalker x2, Photon Cannon  
  83  8:39  Probe  
  84  8:42  Photon Cannon  
  84  8:44  High Templar  
  84  8:47  Probe, Gateway  
  86  8:48  Gateway, Probe  
  86  8:52  Gateway  
  86  8:55  Photon Cannon  
  88  8:57  Pylon  
  88  8:59  Protoss Ground Armor Level 1 (Chrono Boost), High Templar x2  
  88  9:01  Probe  
  93  9:02  Probe  
  93  9:03  Probe x2  
  93  9:06  Psionic Storm  
  96  9:12  Probe, Protoss Ground Weapons Level 1 (Chrono Boost)  
  96  9:15  Probe  
  98  9:23  High Templar  
  100  9:26  Gateway  
  100  9:32  Probe  
  100  9:33  Probe x2  
  100  9:34  Gateway  
  100  9:36  Gateway  
  100  9:37  Assimilator  
  103  9:41  Pylon  
  103  9:42  Assimilator  
  103  9:43  High Templar x2  
  103  9:45  Pylon  
  107  9:47  Immortal  
  107  9:51  Pylon  
  111  9:53  Pylon  
  109  10:07  Stalker x4  
  117  10:15  Probe, Assimilator  
  117  10:16  Assimilator  
  111  10:25  Probe  
  111  10:27  Observer  
  112  10:29  Probe x2  
  112  10:30  Probe, Photon Cannon  
  115  10:37  Probe  
  115  10:39  Probe  
  115  10:41  Pylon  
  117  10:49  Photon Cannon  
  117  10:51  Photon Cannon  
  117  10:52  Adept x4  
  117  10:53  Adept x4  
  117  10:54  Adept  
  135  11:00  Immortal  
  139  11:10  Stargate  
  137  11:26  Stargate  
  137  11:28  Stargate  
  137  11:31  Stargate  
  137  11:33  Pylon  
  137  11:34  Adept x4  
  137  11:35  Adept x3  
  137  11:39  Pylon  
  151  11:45  Immortal  
  155  11:56  Pylon  
  155  11:58  Adept, Pylon  
  155  11:59  Adept x2  
  157  12:02  Adept  
  157  12:04  Adept  
  149  12:17  Adept  
  149  12:18  Adept  
  149  12:21  Adept x2  
  151  12:40  Adept x2  
Show
View Real Time Build Order
Export as new Build Order

iQuitBYE Protoss - Winner!

Build Orders:  

Get SALT Encoding   

  12  0:01  SCV  
  13  0:14  SCV  
  14  0:17  Supply Depot  
  14  0:27  SCV  
  15  0:36  Refinery  
  15  0:42  Barracks  
  15  0:44  SCV  
  16  1:00  SCV  
  17  1:12  SCV  
  18  1:24  SCV  
  19  1:29  Reaper  
  20  1:37  Orbital Command  
  20  1:57  Command Center  
  20  2:02  Marine  
  20  2:05  SCV  
  22  2:12  Factory  
  22  2:15  Refinery  
  22  2:17  SCV  
  23  2:32  Supply Depot  
  23  2:50  Engineering Bay  
  23  2:52  SCV  
  23  2:53  Marine  
  23  2:58  Starport  
  24  2:59  Factory Tech Lab  
  24  3:04  SCV  
  25  3:06  Barracks  
  25  3:12  Orbital Command  
  25  3:16  SCV  
  26  3:28  SCV, Marine  
  26  3:30  Factory Reactor  
  26  3:33  Missile Turret  
  27  3:43  Raven  
  27  3:44  SCV  
  27  3:47  Marine  
  30  3:54  Marine  
  30  3:57  Barracks  
  30  4:07  SCV  
  30  4:08  Widow Mine  
  30  4:09  Widow Mine  
  35  4:16  Marine  
  34  4:22  Marine  
  34  4:27  Banshee, Bunker  
  34  4:28  SCV  
  37  4:37  Marine  
  38  4:43  SCV  
  39  4:48  Cloaking Field  
  39  4:50  SCV  
  40  4:55  SCV  
  40  4:58  Marine  
  40  4:59  Marine  
  43  5:00  Barracks Tech Lab  
  43  5:02  SCV  
  44  5:07  SCV  
  44  5:08  Supply Depot  
  45  5:14  Missile Turret  
  45  5:21  Supply Depot  
  45  5:22  Banshee  
  45  5:25  Supply Depot  
  45  5:27  Terran Infantry Armor Level 1  
  48  5:29  Stimpack  
  48  5:31  Barracks Reactor  
  48  5:33  SCV  
  48  5:35  SCV  
  50  5:38  Barracks Reactor  
  50  5:46  SCV  
  50  5:47  SCV  
  52  5:51  Barracks  
  52  5:58  SCV  
  53  6:14  Banshee, Marine  
  53  6:15  Marine  
  53  6:16  Marine x2  
  53  6:17  Widow Mine  
  53  6:18  Widow Mine  
  62  6:19  SCV x2  
  62  6:22  Refinery  
  62  6:23  Supply Depot, Refinery  
  62  6:24  Supply Depot  
  66  6:39  SCV  
  68  6:40  SCV  
  65  6:53  Barracks Reactor  
  65  6:54  Marine x4  
  65  6:55  Widow Mine  
  65  6:57  Marauder  
  62  7:08  SCV x2  
  54  7:20  SCV x2  
  51  7:32  SCV x2, Marine  
  54  7:38  Marine x4  
  54  7:42  Medivac  
  60  7:44  SCV  
  60  7:46  Medivac  
  60  7:48  SCV  
  64  7:55  Marauder  
  64  7:56  SCV  
  67  8:00  SCV  
  68  8:09  SCV  
  67  8:13  Combat Shields  
  67  8:15  Concussive Shells  
  67  8:20  Engineering Bay  
  67  8:21  SCV x2  
  67  8:23  Terran Infantry Weapons Level 1  
  67  8:33  SCV  
  67  8:34  SCV  
  67  8:44  Command Center  
  67  8:46  SCV  
  68  8:49  Marine x2  
  68  8:50  Armory, Marine x2  
  68  8:51  SCV  
  73  9:00  Medivac  
  75  9:08  SCV x2  
  75  9:09  Barracks  
  77  9:11  Marine  
  78  9:22  Marauder x2  
  78  9:23  Marine x2  
  84  9:37  SCV x2  
  86  9:47  Marauder, Supply Depot, Medivac, Marine x2  
  86  9:49  SCV x2  
  86  9:50  Supply Depot  
  94  9:54  Terran Infantry Armor Level 2  
  87  10:17  SCV x2  
  87  10:18  Marine, Marauder  
  87  10:19  Marauder, Marine x3  
  87  10:20  Barracks Reactor  
  97  10:23  Medivac x2  
  95  10:41  Planetary Fortress  
  95  10:42  SCV x2  
  97  10:46  Refinery  
  97  10:49  Refinery  
  97  10:50  Missile Turret  
  97  10:51  Missile Turret  
  97  10:54  SCV  
  98  11:00  Marine x2, Marauder  
  101  11:11  Barracks  
  101  11:13  Marauder  
  101  11:14  SCV  
  104  11:21  Supply Depot  
  104  11:30  Marine x3  
  105  11:33  Medivac  
  105  11:37  SCV  
  105  11:38  SCV x2  
  90  11:53  Marauder x2  
  94  11:54  Marine x2  
  94  11:55  Marine x3  
  94  12:00  Medivac  
  99  12:07  Barracks Tech Lab  
  89  12:18  Marauder, Marine x3  
  90  12:28  Marauder, Marine x3  
Show
View Real Time Build Order
Export as new Build Order

Polybius Terran 

Build Orders:  

Get SALT Encoding   

Show
View Real Time Build Order
Export as new Build Order

ThanksObama Terran 

Build Orders:  

Get SALT Encoding   

Tags
 
Add a new tag
Caveats
  • Supply blocks, unpowered buildings, or Contaminate may cause inaccurate times.
  • Supply counts are checked every 10 seconds.